 Dungeon Crawl Stone Soup version 0.20-a0-927-g1ae2c61 (webtiles) character file.

1108 Ijustatesigmund the Slasher (level 8, -1/65 HPs)
             Began as a Barachi Fighter on Mar 29, 2017.
             Slain by an ogre
             ... wielding a +0 giant club
              (15 damage)
             ... on level 4 of the Dungeon.
             The game lasted 00:10:39 (3962 turns).

Ijustatesigmund the Slasher (Barachi Fighter)       Turns: 3962, Time: 00:10:40

Health: -1/65      AC: 11    Str: 22    XL:     8   Next: 33%
Magic:  8/8        EV: 10    Int:  8    God:
Gold:   316        SH: 12    Dex: 18    Spells: 7/7 levels left

rFire    . . .     SeeInvis .   a - +0 long sword
rCold    . . .     Gourm    .   c - +1 shield
rNeg     . . .     Faith    .   b - +0 scale mail
rPois    .         Spirit   .   k - +2 hat
rElec    .         Reflect  .   (no cloak)
rCorr    .         Harm     .   u - +1 pair of gloves
MR       .....                  (no boots)
Stlth    ..........             (no amulet)
Regen    0.2/turn               d - ring of wizardry
MPRegen  0.2/turn               i - +3 ring of dexterity

@: mighty, slow
A: +LOS, swims, slowness 1, strong legs 1
a: Hop


You were on level 4 of the Dungeon.
You were not hungry.

You visited 1 branch of the dungeon, and saw 5 of its levels.

You collected 316 gold pieces.

Inventory:

Hand Weapons
 a - a +0 long sword (weapon)
Missiles
 e - 6 silver javelins (quivered)
Armour
 b - a +0 scale mail (worn)
 c - a +1 shield (worn)
 k - a +2 hat (worn)
 u - a +1 pair of gloves (worn)
Jewellery
 d - a ring of wizardry (left hand)
 i - a +3 ring of dexterity (right hand)
Scrolls
 j - a scroll of magic mapping
 p - 6 scrolls of remove curse
 r - 2 scrolls of amnesia
 s - 3 scrolls of recharging
Potions
 h - a potion of haste
 l - 2 potions of brilliance
 q - a potion of lignification {unknown}
Comestibles
 f - 2 bread rations
 m - 2 royal jellies
 n - 2 meat rations


   Skills:
 + Level 6.7 Fighting
 + Level 7.3 Long Blades
 + Level 5.6 Armour
 - Level 3.0 Dodging
 + Level 5.1 Shields


You had 7 spell levels left.
You didn't know any spells.

Dungeon Overview and Level Annotations

Branches:
Dungeon (5/15)
 Temple: D:4-7

Altars:
Hepliaklqana
Trog
Uskayaw
Xom
Zin


Innate Abilities, Weirdness & Mutations

Shadows flee at your approach. (+LOS)
You can swim through water.
You cover ground slowly.
You can hop short distances.


Message History

You barely miss the ogre. The adder closely misses you.
The leopard gecko barely misses you.
You riposte.
You closely miss the leopard gecko. You block the adder's attack.
You feel very mighty all of a sudden. You block the ogre's attack.
You block the leopard gecko's attack. The adder bites you.
You hit the ogre.
The ogre is lightly wounded.
You block the leopard gecko's attack. The adder bites you but does no damage.
The ogre hits you with a giant club!
* * * LOW HITPOINT WARNING * * *
You slash the ogre!
The ogre is almost dead.
You block the adder's attack.
The leopard gecko bites you but does no damage.
The orc wizard gestures wildly while chanting.
The orc wizard flickers and vanishes!
Deactivating autopickup; reactivate with Ctrl-A.
The ogre hits you with a giant club!
You die...

####'##.# ..#...#>#
..#...#.# ..#...#.# #
..#...#.# .#
.##...#.####+########.#
.##...#.#.............#
..)...#.#.......OS....#
..<...#.#.......@ls...#
......#.#.########{####
.##'###.#..### ...#
##......#....# ..l..#
........#....##...S...#
........#.....#...o...#
........##....#.......#
........##....##.....##
###.
##......####..###...##
.....


You could see an ogre, an adder, a leopard gecko and a giant cockroach.

Vanquished Creatures
  Sigmund (D:2)
  Edmund (D:5)
  A phantom (D:5)
  An ogre (D:5)
  A howler monkey (D:3)
  A crimson imp (D:5)
  A bullfrog zombie (D:5)
  2 hounds
  A bullfrog skeleton (D:5)
  A jelly (D:5)
  An orc priest (D:4)
  2 orc wizards (D:4)
  Jessica (D:2)
  3 worker ants
  An iguana (D:5)
  A howler monkey skeleton (D:4)
  6 adders
  2 shadow imps (D:5)
  3 oozes
  An adder zombie (D:5)
  An adder skeleton (D:4)
  3 worms
  3 dart slugs
  2 leopard geckos
  9 orcs (D:4)
  5 giant cockroaches
  8 goblins
  6 hobgoblins
  16 jackals
  6 kobolds
  A ball python (D:4)
  7 bats
  4 frilled lizards
  2 leopard gecko skeletons (D:5)
  7 rats
112 creatures vanquished.

Notes
Turn   | Place    | Note
-------+----------+-------------------------------------------
     0 | D:1      | Ijustatesigmund the Barachi Fighter began the quest for the Orb.
     0 | D:1      | Reached XP level 1. HP: 18/18 MP: 1/1
   257 | D:1      | Reached skill level 3 in Long Blades
   257 | D:1      | Reached XP level 2. HP: 23/24 MP: 2/2
   596 | D:1      | Reached skill level 1 in Dodging
   938 | D:2      | Noticed Sigmund
   943 | D:2      | Killed Sigmund
   943 | D:2      | Reached skill level 5 in Long Blades
   943 | D:2      | Reached XP level 3. HP: 24/32 MP: 3/3
   943 | D:2      | Reached XP level 4. HP: 28/38 MP: 4/4
   943 | D:2      | Reached XP level 5. HP: 32/43 MP: 5/5
  1170 | D:2      | Noticed Jessica
  1183 | D:2      | Killed Jessica
  1205 | D:2      | Reached XP level 6. HP: 48/50 MP: 6/6
  1237 | D:2      | Reached skill level 5 in Fighting
  2042 | D:3      | Found a hide-covered altar of Uskayaw.
  2169 | D:4      | Found a hazy altar of Hepliaklqana.
  2474 | D:4      | Reached skill level 6 in Long Blades
  2664 | D:5      | Entered Level 5 of the Dungeon
  2686 | D:5      | Reached XP level 7. HP: 56/56 MP: 7/7
  2688 | D:5      | Noticed Edmund
  2729 | D:5      | Killed Edmund
  2816 | D:5      | Reached skill level 5 in Armour
  3019 | D:5      | Found a shimmering altar of Xom.
  3019 | D:5      | Found a glowing silver altar of Zin.
  3019 | D:5      | Noticed an angel
  3027 | D:5      | Reached XP level 8. HP: 65/65 MP: 8/8
  3055 | D:5      | Reached skill level 5 in Shields
  3064 | D:5      | Reached skill level 7 in Long Blades
  3138 | D:5      | Found a shimmering altar of Xom.
  3175 | D:5      | Found a bloodstained altar of Trog.
  3962 | D:4      | Slain by an ogre

Vault maps used:
D:1:      mainiacjoe_arrival_reflecting_pool, kennysheep_decorative_pillar,
          minivault_26
D:2:      first_bread, uniq_jessica, uniq_sigmund
D:3:      lemuel_coloured_pillars_altar
D:4:      minmay_opposing_rooms, overflow_temple_1_default
D:5:      grunt_temple_overflow_order_and_chaos_1, lemuel_doored_altar,
          basic_altar, uniq_edmund

Skill      XL: |  1  2  3  4  5  6  7  8 |
---------------+-------------------------+-----
Long Blades    | 3 5 6 7 |  7.3
Dodging        | 2 3 |  3.0
Fighting       | 4 5 6 |  6.7
Armour         | 4 5 |  5.6
Shields        | 4 5 |  5.1

Action                   |  1- 3 |  4- 6 |  7- 9 || total
-------------------------+-------+-------+-------++-------
Melee: Long sword        |    38 |   170 |   243 ||   451
Throw: Javelin           |       |       |     3 ||     3
  Use: Scroll            |     5 |     4 |     5 ||    14
       Potion            |     1 |       |     3 ||     4
  Eat: Chunk             |       |     7 |     4 ||    11
       Fruit             |       |       |     1 ||     1
Armor: Scale mail        |    19 |    72 |   127 ||   218
Dodge: Dodged            |    17 |    68 |   102 ||   187
Block: Shield            |    24 |    75 |   177 ||   276
       Rpst.: Long sword |     5 |    23 |    26 ||    54
